AoeStats
← 1017152139

Nomad

510133679Analyzed
3v3 RM · 4d ago on Sep 29, 2026· 43m 26s· 6 players
Game mode
Random Map
Map size
210×210
Population
200
Speed
Normal
Resources
Standard
Victory
Conquest
Starting age
Dark Age
Ending age
Imperial Age
RankedLock teamsTeams togetherTeam positionsShared explorationLock speedFull tech treeHidden civsTurbo modeCheats
Victory
Defeat
🇪🇸 Bengalis · Spain
1149
+16
🇦🇷 Koreans · Argentina
1147
+16
🇲🇽 Spanish · Mexico
1138
+16
🇷🇺 Japanese · Russia
1188
-18
🇵🇰 Koreans · Pakistan
1128
-15
🇨🇳 Magyars · China
1126
-15
C0S1N
5:27 Loom
14:11 Feudal Age
18:47 Castle Age
17:26 Double-Bit Axe
18:17 Fletching
18:17 Town Watch
22:02 Wheelbarrow
23:37 Fishing Lines
25:35 Bow Saw
26:10 Gillnets
27:50 Hand Cart
27:20 Horse Collar
28:48 Heavy Plow
30:07 Gold Mining
30:07 Stone Mining
37:44 Imperial Age
36:34 Ballistics
38:00 Gold Shaft Mining
39:29 Chemistry
38:57 Bodkin Arrow
39:58 Bracer
39:59 Padded Archer Armor
40:15 Bloodlines
40:06 Husbandry
41:22 Conscription
41:12 Paiks
41:32 Elite Elephant Archer
destroza_argentos
7:05 Loom
14:23 Feudal Age
14:35 Feudal Age
18:03 Castle Age
19:17 Fletching
24:01 Double-Bit Axe
25:22 Bow Saw
25:48 Gold Mining
29:56 Stone Mining
36:02 Imperial Age
33:49 Scale Barding Armor
35:02 Chain Barding Armor
35:54 Bloodlines
35:45 Husbandry
36:25 Cavalier
37:52 Conscription
41:09 Bodkin Arrow
EL TÍO TUPAKIER
10:42 Loom
12:49 Feudal Age
17:44 Castle Age
17:01 Fletching
18:04 Stone Mining
18:01 Double-Bit Axe
19:09 Bow Saw
21:31 Fishing Lines
23:09 Gold Mining
27:03 Gillnets
28:59 Horse Collar
29:34 Bodkin Arrow
32:04 Wheelbarrow
34:25 Ballistics
37:17 Medium Warships
41:14 Imperial Age
40:54 Hand Cart
41:19 Gold Shaft Mining
43:04 Chemistry
42:10 Bracer
43:30 Conscription
43:06 Town Watch
44:13 Stone Shaft Mining
mag dump
4:45 Loom
14:40 Feudal Age
18:53 Double-Bit Axe
22:17 Horse Collar
26:23 Castle Age
24:18 Gold Mining
24:21 Stone Mining
25:17 Fletching
26:25 Elite Skirmisher
27:23 Bodkin Arrow
28:42 Heavy Plow
33:10 Wheelbarrow
32:54 Town Watch
35:58 Hand Cart
38:08 Stone Shaft Mining
40:17 Imperial Age
40:46 Ballistics
40:57 Eupseong
40:51 Arrowslits
42:07 Chemistry
40:51 Treadmill Crane
NOHCHO
7:21 Loom
16:05 Feudal Age
18:41 Arson
18:44 Man-at-Arms
20:37 Fishing Lines
22:09 Wheelbarrow
22:18 Double-Bit Axe
27:26 Wheelbarrow
30:31 Castle Age
31:06 Fletching
31:30 Bow Saw
32:08 Bloodlines
32:01 Gillnets
33:00 Medium Warships
1017152139
3:55 Loom
14:25 Feudal Age
15:23 Double-Bit Axe
17:21 Gold Mining
22:56 Castle Age
21:41 Fletching
22:27 Padded Archer Armor
24:28 Gold Shaft Mining
24:54 Bodkin Arrow
25:21 Town Watch
27:06 Bloodlines
26:57 Husbandry
29:22 Ballistics
28:57 Stone Mining
31:13 Ballistics
32:25 Husbandry
39:37 Corvinian Army
Connection lost

Rejoining the realm…

Still unreachable

The connection could not be restored.

Session expired

The server has moved on; the page needs a fresh start.